 Dungeon Crawl Stone Soup version 0.28.0-43-g3370ac3207 (webtiles) character file.

Game seed: 8048794402716622319

3635 ChuckTheHack the Spear-Bearer (level 10, -2/76 HPs)
             Began as a Merfolk Gladiator on Mar 6, 2022.
             Was a Priest of Okawaru.
             Killed by the air
             ... invoked by Gastronok
              (22 damage)
             ... on level 8 of the Dungeon.
             The game lasted 00:56:58 (10226 turns).

ChuckTheHack the Spear-Bearer (Merfolk Gladiator)  Turns: 10226, Time: 00:56:59

Health: -2/76      AC: 16    Str: 24    XL:     10   Next: 11%
Magic:  12/12      EV: 15    Int: 10    God:    Okawaru [***...]
Gold:   354        SH:  5    Dex: 16    Spells: 11/11 levels left

rFire   . . .      SeeInvis .   a - +0 trident
rCold   . . .      Faith    .   L - +0 buckler
rNeg    . . .      Spirit   .   t - +5 ring mail "Uleb" {Rampage rPois rCorr Str-4}
rPois   +          Reflect  .   c - +0 helmet
rElec   .          Harm     .   S - +2 cloak
rCorr   +          Rampage  +   K - +0 pair of gloves
Will    .....                   (no boots)
Stlth   ++........              (no amulet)
HPRegen 0.22/turn               N - +6 ring of strength
MPRegen 0.13/turn               R - +6 ring of strength

@: no status effects
A: (nimble swimmer 2), mertail
a: Renounce Religion, Heroism


You were on level 8 of the Dungeon.
You worshipped Okawaru.
Okawaru was most pleased with you.
You visited 2 branches of the dungeon, and saw 9 of its levels.
You also visited: Sewer.

You collected 523 gold pieces.
You spent 169 gold pieces at shops.

Inventory:

Hand Weapons
 a - a +0 trident (weapon)
 B - the +6 mace "Amehiad" {speed, rF++ rN+ Str+4 Dex-2}
   (You found it on level 5 of the Dungeon)

   Attacks with this weapon are significantly faster.
   Str:       It affects your strength (+4).
   Dex:       It affects your dexterity (-2).
   rF:        It greatly protects you from fire.
   rN:        It protects you from negative energy.
 I - the +1 quarterstaff "Hydraslayer" {vorpal, rElec MP+9}
   (You found it on level 5 of the Dungeon)

   It inflicts extra damage upon your enemies.
   rElec:     It insulates you from electricity.
   MP:        It affects your magic capacity (+9).
Missiles
 d - a throwing net
 f - 6 silver boomerangs
 p - 5 atropa-tipped darts
 r - 23 poisoned darts
 D - 5 javelins (quivered)
 T - 7 boomerangs
Armour
 b - a +0 leather armour
 c - a +0 helmet (worn)
 t - the +5 ring mail "Uleb" (worn) {Rampage rPois rCorr Str-4}
   (You found it on level 3 of the Dungeon)

   Str:       It affects your strength (-4).
   rPois:     It protects you from poison.
   rCorr:     It protects you from acid and corrosion.
   Rampage:   It bestows one free step when moving towards enemies.
 K - a +0 pair of gloves (worn)
 L - a +0 buckler (worn)
 S - a +2 cloak (worn)
Jewellery
 A - an amulet of faith
 N - a +6 ring of strength (left hand)
 R - a +6 ring of strength (right hand)
Wands
 u - a wand of flame (15)
 U - a wand of polymorph (13)
Scrolls
 e - a scroll of blinking {unknown}
 g - 2 scrolls of amnesia {unknown}
 h - 4 scrolls of magic mapping
 i - 2 scrolls of immolation {unknown}
 j - 2 scrolls of torment {unknown}
 l - 3 scrolls of fear
 o - a scroll of teleportation {unknown}
 y - 2 scrolls of enchant weapon {unknown}
 C - a scroll of fog {unknown}
 E - a scroll of silence {unknown}
 G - a scroll of vulnerability {unknown}
 J - a scroll of noise {unknown}
 P - 2 scrolls of identify
 V - a scroll of acquirement {unknown}
Potions
 k - a potion of heal wounds {unknown}
 m - 2 potions of brilliance {unknown}
 q - 2 potions of mutation
 s - 2 potions of ambrosia {unknown}
 v - a potion of invisibility {unknown}
 w - 2 potions of magic {unknown}
 x - 3 potions of cancellation
 z - 5 potions of curing
 F - a potion of attraction
 H - a potion of lignification
 M - a potion of haste {unknown}
 O - a potion of berserk rage
 Q - a potion of might
Miscellaneous
 n - a condenser vane


   Skills:
 + Level 6.2 Fighting
 * Level 10.3 Polearms
 + Level 5.6 Throwing
 - Level 4.0 Armour
 + Level 8.1 Dodging
 + Level 4.2 Stealth
 + Level 3.4 Shields
 - Level 1.4 Spellcasting
 - Level 3.2 Invocations


You had 11 spell levels left.
You didn't know any spells.
Your spell library contained the following spells:

 Spells                   Type           Power      Damage    Failure   Level
 Pain                     Necr           0%         1d4       54%         1
 Blink                    Tloc           0%         N/A       69%         2
 Corpse Rot               Necr/Air       0%         N/A       69%         2
 Poisonous Vapours        Pois/Air       0%         N/A       69%         2
 Vampiric Draining        Necr           0%         2d6       89%         3
 Manifold Assault         Tloc           0%         N/A       100%        5
 Storm Form               Tmut/Air       0%         N/A       100%        7
 Animate Skeleton         Necr           Unusable   N/A       N/A         1

Dungeon Overview and Level Annotations

Branches:
Dungeon (8/15)             Temple (1/1) D:5           Sewer (visited)
   Lair: D:8-11

Altars:
Ashenzari
Cheibriados
Elyvilon
Gozag
Hepliaklqana
Kikubaaqudgha
Makhleb
Nemelex Xobeh
Okawaru
Qazlal
Ru
Sif Muna
Vehumet
Wu Jian
Xom
Yredelemnul
The Shining One

Shops:
D:5 !

Annotations:
D:8 Gastronok


Innate Abilities, Weirdness & Mutations

((You are very nimble when in or above water. (Stealth+, EV+, Speed+++)))
Your lower body shifts to a powerful aquatic tail in water.


Message History

Gastronok is lightly wounded.
Gastronok waves his eye-stalks in wide circles.
The air twists around and strikes you!
Reach: a) +0 trident
Press: ? - help, Dir - move target, f/p - Gastronok
Aim: Gastronok, wearing a +2 hat of stealth (lightly wounded, covering ground quickly, about 6% to evade your +0 trident)
You reach to attack!
You puncture Gastronok!
Gastronok is moderately wounded.
Reach: a) +0 trident
Press: ? - help, Dir - move target, f/p - Gastronok
Aim: Gastronok, wearing a +2 hat of stealth (moderately wounded, covering ground quickly, about 6% to evade your +0 trident)
You reach to attack!
You puncture Gastronok!
Gastronok is moderately wounded.
You puncture Gastronok!
Gastronok is moderately wounded.
Gastronok bites you!
Gastronok wobbles crazily.
Gastronok waves his eye-stalks in wide circles.
The air twists around and strikes you!!
Gastronok glows a brilliant shade of cerise.
You feel like a meek peon again.
You feel yourself speed up.
There is an open door here.
You close the door.
You start resting.
HP restored.
You open the door.
There is an open door here.
Gastronok waves his eye-stalks in wide circles.
The air twists around and strikes you!!!
Gastronok's mouth opens, radula flailing wildly.
Unknown command.
A cyan ugly thing comes into view.
The cyan ugly thing gurgles horribly!
You hear a bellow!
Gastronok waves his eye-stalks in wide circles.
The air twists around and strikes you!!
* * * LOW HITPOINT WARNING * * *
Gastronok waves his eye-stalks in wide circles.
The air twists around and strikes you!!
You die...

#..........# #.#.#####'##
#.#.# #.# #.#.#####+###
#######.# ..#.#.......#
######$.......
###.#.......#
#.............
..).+)......# #.####.####.#
###.#.......###+#......:#
#.#.......#...@u##.##.#
###.#(......'.....##.#....
....#...(...#.....##.#..###
#######'#####.....##.#..#
........# #...w###.#..#
######### #....# #.####
#....###.# ##......<#
#########


You could see Gastronok and a cyan ugly thing.

Vanquished Creatures
  Erica (D:8)
  The ghost of fly the Cleaver, a novice FoDe (D:6)
  Prince Ribbit (D:8)
  3 yaks (D:8)
  2 water moccasins
  A black bear (D:6)
  2 sky beasts
  A necrophage (D:6)
  An ogre (D:6)
  A kobold brigand (D:6)
  A bullfrog (D:6)
  2 scorpions
  A wyvern zombie (D:6)
  4 wights
  A centaur zombie (D:7)
  2 bullfrog skeletons
  A gnoll shaman (D:7)
  A hound (D:4)
  5 jellies (Sewer)
  3 orc priests
  A centaur skeleton (D:7)
  An iguana (D:6)
  4 orc wizards
  A killer bee zombie (D:6)
  9 gnolls
  7 adders
  An ufetubus (D:7)
  A worm (Sewer)
  16 orcs
  10 ball pythons
  9 bats
  16 endoplasms
  8 giant cockroaches
  8 goblins
  9 hobgoblins
  8 jackals (D:1)
  7 quokkas
  7 frilled lizards
  11 kobolds
  9 rats
178 creatures vanquished.

Vanquished Creatures (others)
  A centaur skeleton (D:6)
  An orc wizard (D:4)
2 creatures vanquished.

Grand Total: 180 creatures vanquished

Notes
Turn   | Place    | Note
-------+----------+-------------------------------------------
     0 | D:1      | ChuckTheHack the Merfolk Gladiator began the quest for the
                  | Orb.
     0 | D:1      | Reached XP level 1. HP: 16/16 MP: 1/1
   120 | D:1      | Reached XP level 2. HP: 14/23 MP: 2/2
   680 | D:1      | Reached XP level 3. HP: 3/28 MP: 3/3
  1366 | D:2      | Reached skill level 5 in Polearms
  1497 | D:2      | Found a faded altar of an unknown god.
  1546 | D:2      | Reached XP level 4. HP: 35/35 MP: 4/4
  2077 | D:3      | Found a radiant altar of Vehumet.
  2266 | D:3      | Reached skill level 5 in Dodging
  2747 | D:3      | Identified the +5 ring mail "Uleb" {Rampage rPois rCorr
                  | Str-4}
  3428 | D:3      | Reached XP level 5. HP: 24/41 MP: 5/5
  3797 | D:4      | Found a stormy altar of Qazlal.
  3828 | D:4      | Reached skill level 1 in Armour
  3891 | D:4      | Reached XP level 6. HP: 47/47 MP: 6/6
  3909 | D:4      | Found a glowing drain.
  3946 | Sewer    | Entered a sewer
  4209 | Sewer    | Reached skill level 6 in Polearms
  4280 | Sewer    | Found a viscous altar of Jiyva.
  4389 | Sewer    | Reached XP level 7. HP: 43/54 MP: 7/7
  5393 | D:4      | Found a sacrificial altar of Ru.
  5713 | D:5      | Entered Level 5 of the Dungeon
  5759 | D:5      | Found a staircase to the Ecumenical Temple.
  5785 | D:5      | Found a snail-covered altar of Cheibriados.
  5814 | D:5      | Identified the +6 mace "Amehiad" {speed, rF++ rN+ Str+4
                  | Dex-2}
  5984 | D:5      | Found Haos's Distillery.
  5999 | D:5      | Bought a potion of attraction for 39 gold pieces
  5999 | D:5      | Bought a potion of curing for 39 gold pieces
  5999 | D:5      | Bought a potion of curing for 39 gold pieces
  5999 | D:5      | Bought a potion of degeneration for 13 gold pieces
  5999 | D:5      | Bought a potion of lignification for 39 gold pieces
  6142 | D:5      | Identified the +1 quarterstaff "Hydraslayer" {vorpal, rElec
                  | MP+9}
  6182 | Temple   | Entered the Ecumenical Temple
  6315 | Temple   | Became a worshipper of Warmaster Okawaru
  6791 | D:6      | Reached skill level 7 in Polearms
  6791 | D:6      | Reached skill level 1 in Spellcasting
  6791 | D:6      | Reached XP level 8. HP: 33/61 MP: 7/9
  7045 | D:6      | Reached * piety under Okawaru
  7046 | D:6      | Reached skill level 1 in Stealth
  7279 | D:6      | Found a runed translucent door.
  7281 | D:6      | Noticed fly's ghost (novice FoDe)
  7318 | D:6      | Killed fly's ghost
  7318 | D:6      | Reached ** piety under Okawaru
  7319 | D:6      | Reached skill level 5 in Fighting
  7319 | D:6      | Reached skill level 8 in Polearms
  7319 | D:6      | Reached skill level 1 in Shields
  7696 | D:6      | Found a sparkling altar of Nemelex Xobeh.
  7779 | D:6      | Found a glowing golden altar of the Shining One.
  7836 | D:6      | Reached XP level 9. HP: 65/68 MP: 11/11
  7892 | D:7      | Found an opulent altar of Gozag.
  7894 | D:7      | Found an opulent altar of Gozag.
  7903 | D:7      | Found an opulent altar of Gozag.
  7912 | D:7      | Found an opulent altar of Gozag.
  8887 | D:8      | Noticed Erica
  8912 | D:8      | Killed Erica
  8912 | D:8      | Reached *** piety under Okawaru
  8913 | D:8      | Reached skill level 9 in Polearms
  8913 | D:8      | Reached skill level 5 in Throwing
  9119 | D:8      | Noticed Prince Ribbit
  9137 | D:8      | Killed Prince Ribbit
  9212 | D:8      | Found a hazy altar of Hepliaklqana.
  9270 | D:8      | Reached skill level 10 in Polearms
  9270 | D:8      | Reached XP level 10. HP: 59/76 MP: 10/12
  9663 | D:8      | Received a gift from Okawaru
  9966 | D:8      | Noticed Gastronok
 10220 | D:8      | Noticed a cyan ugly thing
 10226 | D:8      | Killed from afar by Gastronok

Illustrated notes

Levels and vault maps discovered:
D:1:      dpeg_arrival_rhombus, layout_loops_corners
D:2:      layout_basic, hellmonk_ecumenical_altar_leap_of_faith, st_stairs_12
D:3:      layout_basic, overflow_temple_1_default
D:4:      wander_river, layout_basic, pf_just_have_faith,
          nicolae_qazlal_scattered_showers, gup_sewer_entry_pipe
D:5:      layout_loops_ring, mainiacjoe_overflow_tiny_flanked,
          minmay_temple_entry_stoned_glass, serial_shops,
          nicolae_shop_competitors_out_of_business, serial_bayou_pond_e,
          corner_web_ring
D:6:      layout_rooms, tso_oasis_becter, kennysheep_mini,
          ebering_ghost_reflecting_pool, lemuel_flamethrower_2
D:7:      layout_cave_pools, nicolae_gozag_conspicuous_consumption
D:8:      layout_basic, nicolae_hepliaklqana_hazy_memory, uniq_prince_ribbit1,
          uniq_gastronok, uniq_erica
Temple:   kb_temple_of_zot

Skill      XL: |  1  2  3  4  5  6  7  8  9 |
---------------+----------------------------+-----
Polearms       | 5 6 7 8 10 | 10.3
Fighting       | 3 4 5 6 |  6.2
Dodging        | 5 6 7 8 |  8.1
Throwing       | 3 4 5 |  5.6
Armour         | 1 3 4 |  4.0
Spellcasting   | 1 |  1.4
Stealth        | 2 4 |  4.2
Shields        | 1 3 |  3.4
Invocations    | 2 3 |  3.2

Action                   |  1- 3 |  4- 6 |  7- 9 | 10-12 || total
-------------------------+-------+-------+-------+-------++-------
Melee: Trident           |    87 |   255 |   386 |    58 ||   786
       Punch             |     1 |     2 |     4 |       ||     7
       Tailslap          |       |    14 |    15 |       ||    29
Throw: Throwing net      |     1 |       |     1 |       ||     2
       Javelin           |       |       |     9 |       ||     9
       Boomerang         |       |       |     9 |       ||     9
Invok: Heroism           |       |       |     5 |     2 ||     7
  Use: Scroll            |       |       |     5 |       ||     5
       Potion            |       |       |     1 |     1 ||     2
 Stab: Sleeping          |     3 |     1 |       |       ||     4
Armor: Leather armour    |    17 |    28 |       |       ||    45
       Ring mail         |       |    56 |   137 |    11 ||   204
Dodge: Dodged            |    73 |   164 |   214 |    22 ||   473
Block: Buckler           |       |       |    37 |     3 ||    40
